Cogmind - Beta 13 @@@ ROGUE MODE // 2024.04.12 @ 14:37:49 Player: Exceptionally Mediocre Result: Destroyed by H-71 Marshal with Heavy Mass Driver Performance ------------- Evolutions (5) 2500 Regions Visited (5) 1000 Robots Destroyed (80) 400 Value Destroyed (1486) 1486 Prototype IDs (15) 300 Alien Tech Used (0) 0 Bonus (39) 39 TOTAL SCORE: 5725 Bonus ------- High Alert Combat Kills 39 Cogmind --------- Core Integrity 0/1000 Matter 300/300 Energy 100/100 System Corruption 13% Temperature Cool (0) Movement Core (1350) Ox26 Location -5/Factory Parts ------- > --- POWER (2) -------- (None) > --- PROPULSION (4) --- (None) > --- UTILITY (7) ------ Huge Storage Unit > --- WEAPON (4) ------- (None) > --- INVENTORY (25) --- Improved Heat Sink Improved Heat Sink High-capacity Storage Unit Targeting Computer Improved Melee Analysis Suite Improved Remote Datajack Improved Remote Datajack Peak State ------------ > --- POWER ------------ Fission-Ion Core > --- PROPULSION ------- Hovering Antigrav Exoskeleton > --- UTILITY ---------- Armored Scrap Engine Huge Storage Unit Advanced Shield Generator > --- WEAPON ----------- Hpw. Energy Phase Construct/G Hpw. Electro Tesla Construct/G Hpw. EM Tesla Construct/G > --- INVENTORY -------- Improved Heat Sink High-capacity Storage Unit Improved Melee Analysis Suite Improved Remote Datajack Improved Plasma Cutter [Rating: 50] Favorites ----------- Power Light Ion Engine Engine Light Ion Engine Power Core Constructs Propulsion Wheel Wheel Wheel Hover Unit Constructs Utility Huge Storage Unit Device Armored Scrap Engine Storage Huge Storage Unit Protection Light Armor Plating Weapon Constructs Energy Gun Constructs Energy Cannon Powered Cannon Ballistic Gun Light Assault Rifle Launcher Grenade Launcher Special Weapon Improved Remote Datajack Impact Weapon Hammer Build | -11 -10 -10 -10 -7 -5 ------- Run | Yrd Mat Min Sub Rec Fac Slots Evolved 10 | . . . . . 10 Power 1 | . . . . . 1 Propulsion 2 | . . . . . 2 Utility 5 | . . . . . 5 Weapon 2 | . . . . . 2 Parts Attached 47 | 8 10 3 15 6 5 Power 3 | 1 . . 1 1 . Engine 3 | 1 . . 1 1 . Core . | . . . . . . Reactor . | . . . . . . Propulsion 14 | 2 1 . 8 3 . Treads . | . . . . . . Leg . | . . . . . . Wheel 14 | 2 1 . 8 3 . Hover . | . . . . . . Flight . | . . . . . . Utility 11 | 2 2 1 2 1 3 Device 4 | 1 . 1 . 1 1 Storage 5 | 1 2 . . . 2 Processor . | . . . . . . Hackware . | . . . . . . Protection 2 | . . . 2 . . Artifact . | . . . . . . Weapon 19 | 3 7 2 4 1 2 Energy Gun 3 | 2 1 . . . . Energy Cannon 2 | . 1 . . 1 . Ballistic Gun 4 | 1 . 1 2 . . Ballistic Cannon . | . . . . . . Launcher 4 | . 3 . 1 . . Special Weapon 2 | . . . . . 2 Impact Weapon 4 | . 2 1 1 . . Slashing Weapon . | . . . . . . Piercing Weapon . | . . . . . . Special Melee Weapon . | . . . . . . Unidentified Prototypes . | . . . . . . Parts Lost 26 | . 1 . 4 1 20 Power 6 | . . . 1 1 4 Propulsion 7 | . . . 1 . 6 Utility 4 | . . . 1 . 3 Weapon 9 | . 1 . 1 . 7 Highest Loss Streak 6 | . 1 . 4 1 6 To Critical Strikes . | . . . . . . Average Slot Usage (%) 73 | . 99 100 99 72 33 Engine 9 | . 14 14 13 8 2 Core 2 | . . . . 8 . Wheel 17 | . 28 28 28 17 1 Device 10 | . 14 14 12 11 5 Storage 7 | . 14 14 14 1 4 Energy Gun 1 | . 1 . . . 4 Energy Cannon 2 | . 8 . . 4 . Ballistic Gun 10 | . 8 8 11 15 4 Launcher 4 | . 5 14 13 1 . Special Weapon 1 | . . . . . 4 Impact Weapon 1 | . 5 5 2 . . Naked Turns . | . . . . . . Heaviest Build 103 | 12 90 90 95 95 103 Greatest Support 36 | 26 26 20 30 36 34 Greatest Overweight (x) 30 | . 4 4 4 3 30 Average Overweight (x) 1 | . 1 4 2 . 6 Largest Inventory Capacity 25 | 8 25 25 25 25 25 Average Capacity 17 | 7 20 25 25 7 23 Most Carried 25 | 8 25 25 25 24 7 Average Carried 11 | 3 18 24 24 6 4 Final Capacity 25 | 8 25 25 25 5 25 Final Carried 25 | 8 25 25 22 1 7 Scrap Engine Consumption 87 | . . . . 58 29 Constructs Created 12 | . . . . 4 8 Constructs Modified 21 | . . . . 15 6 Class Distribution -------------------- 63% | Mutant 25% | Construct 10% | Gunner Dominant Class ---------------- Mutant | -10/Materials Mutant | -10/Mines Mutant | -10/Subcaves Construct | -7/Recycling Gunner | -5/Factory Resources | -11 -10 -10 -10 -7 -5 ----------- Run | Yrd Mat Min Sub Rec Fac Matter Collected 1571 | 322 135 114 208 562 230 Remotely . | . . . . . . Salvage Created 2778 | 192 323 . 156 1465 642 Parts 175 | 13 22 . 21 74 45 Haulers Intercepted 2 | . 2 . . . . Recyclers Shooed 4 | . 1 . . 3 . Parts Field Recycled . | . . . . . . Retrieved Matter . | . . . . . . Parts Self-Destructed 8 | . . . 8 . . Prevented . | . . . . . . Kills | -11 -10 -10 -10 -7 -5 ------- Run | Yrd Mat Min Sub Rec Fac Combat Hostiles Destroyed 34 | . 12 . 11 3 8 Guns 6 | . . . . 1 5 Cannons 4 | . 1 . . 2 1 AOE 22 | . 11 . 11 . . Classes Destroyed 14 | 3 6 . 2 1 2 Worker 4 | 1 3 . . . . Builder 14 | . 2 . . 10 2 Tunneler 5 | 4 1 . . . . Hauler 2 | . 2 . . . . Recycler 15 | 1 . . . 13 1 Operator 1 | . 1 . . . . Turret 2 | . . . 2 . . Watcher 3 | . 2 . . . 1 Swarmer 16 | . 9 . 7 . . Grunt 5 | . 3 . . . 2 Sentry 3 | . . . . 3 . Hunter 2 | . . . . . 2 Programmer 4 | . . . . . 4 Subdweller 4 | . . . 4 . . Best Kill Streak 13 | 3 13 . 4 9 3 Combat Bots Only 9 | . 9 . 4 1 2 Max Kills in Single Turn 4 | 1 4 . 3 3 2 Gunslinging . | . . . . . . Exploded 3 | . 3 . 3 . . Melee . | . . . . . . Uniques/NPCs Destroyed . | . . . . . . Combat | -11 -10 -10 -10 -7 -5 -------- Run | Yrd Mat Min Sub Rec Fac Hostile Shots Fired 383 | . 22 2 108 72 179 Missed 127 | . 8 . 46 28 45 Damage Taken 4323 | . 199 28 615 339 3142 Core 1243 | . 45 . 95 76 1027 Absorbed by Shields 50 | . . . . . 50 Regen/Repaired (Parts) 120 | . . . . 78 42 Core Remaining (%) 56 | 100 . . . 13 . Volleys Fired 201 | 42 29 . 32 53 45 Largest 3 | 1 2 . 1 2 3 Hottest 153 | 20 80 . 30 55 153 Shots Fired 284 | 42 45 . 32 82 83 Gun 196 | 42 19 . 1 58 76 Cannon 40 | . 16 . . 24 . Launcher 41 | . 10 . 31 . . Special 7 | . . . . . 7 Kinetic 151 | 42 18 . 1 58 32 Thermal 64 | . 17 . . 24 23 Explosive 41 | . 10 . 31 . . Electromagnetic 26 | . . . . . 26 Robot Hit Streak 10 | 10 4 . 3 8 5 Robot Miss Streak 5 | 3 4 . 3 5 4 Penetration Max 1 | . . . . 1 . Secondary Targets . | . . . . . . Shots Hit Robots 153 | 30 21 . 4 49 49 Core Hits 108 | 9 26 . 24 28 21 Critical Kills 5 | 1 1 . . 1 2 Critical Parts Destroyed . | . . . . . . Critical Strikes 5 | 1 1 . . 1 2 Meltdown 3 | . . . . 1 2 Destroy 1 | 1 . . . . . Smash 1 | . 1 . . . . Melee Attacks 13 | . 7 3 3 . . Impact 13 | . 7 3 3 . . Slashing . | . . . . . . Piercing . | . . . . . . Sneak Attacks 4 | . 4 . . . . Combat Hostiles . | . . . . . . Follow-up Attacks . | . . . . . . Damage Inflicted 5070 | 259 1485 . 861 1436 1029 Guns 1964 | 259 58 . . 678 969 Cannons 917 | . 159 . . 758 . Explosions 1934 | . 1073 . 861 . . Melee 195 | . 195 . . . . Ramming 5 | . . . . . 5 Kinetic 1446 | 259 58 . . 678 451 Thermal 1384 | . 258 . . 758 368 Explosive 1835 | . 974 . 861 . . Electromagnetic 205 | . . . . . 205 Impact 195 | . 195 . . . . Slashing . | . . . . . . Piercing . | . . . . . . Highest Corruption 13 | . . . . . 13 Average Corruption 9 | . . . . . 9 Corruption Purged . | . . . . . . Corruption Blocked . | . . . . . . Effects 34 | . . . . . 34 Message Errors 7 | . . . . . 7 Matter Fused 10 | . . . . . 10 Heat Flow Errors 5 | . . . . . 5 Energy Discharges 3 | . . . . . 3 Data Loss (minor) 4 | . . . . . 4 Data Loss (major) 2 | . . . . . 2 Alerts 2 | . . . . . 2 Weapon Failures 1 | . . . . . 1 Overload Shots . | . . . . . . Overflow Damage 200 | . 53 . 19 128 . Projectiles 128 | . . . . 128 . Explosions 38 | . 19 . 19 . . Melee 34 | . 34 . . . . Knockbacks 2 | . 2 . . . . Impact 2 | . 2 . . . . Kinetic . | . . . . . . Secondary . | . . . . . . Self-Inflicted Damage 176 | . 71 . 103 . 2 Shots 6 | . 2 . 4 . . Rammed 3 | . . . . . 3 Targets Rammed 3 | . . . . . 3 Kicked . | . . . . . . Crushed . | . . . . . . Highest Temperature 174 | . 152 7 . 78 174 Average Temperature 48 | . 60 7 . 21 75 Received Heat Transfer 603 | . 36 27 294 108 138 Siege Activations . | . . . . . . Robots Corrupted . | . . . . . . Combat Hostiles . | . . . . . . Parts Fried 3 | . . . . . 3 Impact Corruptions 2 | . 2 . . . . Robots Melted 3 | . . . . 1 2 Combat Hostiles 2 | . . . . . 2 Parts Melted 6 | . . . . 2 4 Heat Transferred 901 | . 383 . . . 518 Parts Sabotaged . | . . . . . . Parts Stolen . | . . . . . . Parts Stripped . | . . . . . . Power Chain Reactions . | . . . . . . Alert | -11 -10 -10 -10 -7 -5 ------- Run | Yrd Mat Min Sub Rec Fac Peak Influence 671 | 30 318 52 . 671 369 Initial 607 | . 19 37 . 607 304 Average 263 | 7 114 51 . 480 214 Maximum Alert Level 2 | . 1 . . 2 1 Low Security (%) 40 | 100 72 100 . . 41 Level 1 36 | . 27 . . 34 58 Level 2 22 | . . . . 65 . Level 3 . | . . . . . . Level 4 . | . . . . . . Level 5 . | . . . . . . High Security . | . . . . . . Max Security . | . . . . . . Squads Dispatched 5 | . 2 . . . 3 Investigation 1 | . 1 . . . . Extermination 2 | . . . . . 2 Reinforcement 2 | . 1 . . . 1 Assault . | . . . . . . Garrison . | . . . . . . Intercept . | . . . . . . Searches Triggered . | . . . . . . Construction Impeded . | . . . . . . Haulers Reinforced . | . . . . . . Active Scanning Responses . | . . . . . . Cargo Convoy Interrupts 1 | . . . . . 1 Stealth | -11 -10 -10 -10 -7 -5 --------- Run | Yrd Mat Min Sub Rec Fac Distress Signals 2 | . 2 . . . . Communications Jammed . | . . . . . . Distress Signals . | . . . . . . Times Spotted 97 | . 17 1 62 3 14 Peak Tracking Total 6 | . 4 2 6 1 3 Tactical Retreats 7 | . . . 5 . 2 Traps | -11 -10 -10 -10 -7 -5 ------- Run | Yrd Mat Min Sub Rec Fac Traps Triggered 4 | . 1 . 1 . 2 Indirectly . | . . . . . . Trap Hack Attempts . | . . . . . . Triggered . | . . . . . . Disarmed . | . . . . . . Reprogrammed . | . . . . . . Reused . | . . . . . . Traps Extracted . | . . . . . . Installed . | . . . . . . Triggered 1 | . . . . . 1 Machines | -11 -10 -10 -10 -7 -5 ---------- Run | Yrd Mat Min Sub Rec Fac Machines Disabled 10 | . 3 . 5 2 . Max in Single Turn 3 | . 3 . 1 1 . Machines Repaired . | . . . . . . Machines Dismantled . | . . . . . . Machines Sabotaged . | . . . . . . Overloaded Fab Kills . | . . . . . . Hacking | -11 -10 -10 -10 -7 -5 --------- Run | Yrd Mat Min Sub Rec Fac Machines Accessed 13 | . 5 . 1 6 1 Terminals 5 | . 4 . . . 1 Fabricators . | . . . . . . Repair Stations . | . . . . . . Recycling Units 7 | . 1 . . 6 . Scanalyzers . | . . . . . . Garrison Access . | . . . . . . Total Hacks 34 | . 10 . 9 14 1 Successful 20 | . 5 . 9 5 1 Failed 14 | . 5 . . 9 . Catastrophic 5 | . . . . 5 . Database Lockouts . | . . . . . . Manual 8 | . 7 . . . 1 Terminals 10 | . 9 . . . 1 Fabricators . | . . . . . . Repair Stations . | . . . . . . Recycling Units 15 | . 1 . . 14 . Scanalyzers . | . . . . . . Garrison Access . | . . . . . . Terminal Hacks 11 | . 2 . 9 . . Record 8 | . . . 8 . . Unreport Threat 1 | . 1 . . . . Hauler Manifests 1 | . 1 . . . . Derelict Proto ID Bank 1 | . . . 1 . . Fabricator Hacks . | . . . . . . Repair Station Hacks . | . . . . . . Recycling Unit Hacks 6 | . 1 . . 5 . Report Inventory 3 | . . . . 3 . Retrieve Components 3 | . 1 . . 2 . Scanalyzer . | . . . . . . Garrison Access Hacks . | . . . . . . Unauthorized Hacks 3 | . 2 . . . 1 Terminals 3 | . 2 . . . 1 Botnet 3 | . 2 . . . 1 Fabricators . | . . . . . . Repair Stations . | . . . . . . Recycling Units . | . . . . . . Scanalyzers . | . . . . . . Garrison Access . | . . . . . . Data Cores Recovered . | . . . . . . Used . | . . . . . . Hacking Detections 7 | . 3 . . 4 . Full Trace Events 4 | . 1 . . 3 . Feedback Events . | . . . . . . Feedback Blocked . | . . . . . . Robot Schematics Acquired . | . . . . . . Robots Built . | . . . . . . Authchips . | . . . . . . Time . | . . . . . . Total Robot Build Rating . | . . . . . . Part Schematics Acquired . | . . . . . . Parts Built . | . . . . . . Authchips . | . . . . . . Time . | . . . . . . Total Part Build Rating . | . . . . . . Parts Repaired . | . . . . . . Time . | . . . . . . Parts Recycled . | . . . . . . Recycled Matter . | . . . . . . Retrieved Matter . | . . . . . . Retrieved Components 5 | . 3 . . 2 . Parts Scanalyzed . | . . . . . . Part Schematics Acquired . | . . . . . . Parts Damaged . | . . . . . . Bothacking | -11 -10 -10 -10 -7 -5 ------------ Run | Yrd Mat Min Sub Rec Fac Used RIF Installer . | . . . . . . Robots Hacked 1 | . . . . . 1 Non-combat . | . . . . . . Combat 1 | . . . . . 1 Robot Hacks Applied 1 | . . . . . 1 parse_system 1 | . . . . . 1 Relay Couplers Released . | . . . . . . Fabnet Peak Effective % . | . . . . . . Robots Rewired . | . . . . . . Allies Hacked . | . . . . . . Hacks Repelled . | . . . . . . Allies | -11 -10 -10 -10 -7 -5 -------- Run | Yrd Mat Min Sub Rec Fac Total Allies . | . . . . . . Largest Group . | . . . . . . Highest-Rated Group . | . . . . . . Highest-Rated Ally . | . . . . . . Total Orders . | . . . . . . Ally Attacks . | . . . . . . Total Damage . | . . . . . . Kills . | . . . . . . Allies Corrupted . | . . . . . . Allies Melted . | . . . . . . Intel | -11 -10 -10 -10 -7 -5 ------- Run | Yrd Mat Min Sub Rec Fac Robot Analysis Total . | . . . . . . Derelict Logs Recovered 1 | . . . 1 . . Drone Launches . | . . . . . . Drone Recoveries . | . . . . . . Exploration | -11 -10 -10 -10 -7 -5 ------------- Run | Yrd Mat Min Sub Rec Fac Turns Passed 4717 | 270 840 193 840 1364 1210 Spaces Moved 2981 | 193 604 125 583 1135 341 Core 24 | 2 . . . . 22 Treads 38 | . . . . 38 . Legs 29 | . . . . . 29 Wheels 2798 | 191 604 125 583 1097 198 Hover 92 | . . . . . 92 Flight . | . . . . . . Fastest Speed 50 | 50 90 140 119 86 107 Average Speed 133 | 89 115 140 125 104 300 Slowest Speed 1550 | 100 140 140 150 167 1550 Overloaded Moves . | . . . . . . Propulsion Burnouts . | . . . . . . Robots Hopped . | . . . . . . Cave-ins Triggered . | . . . . . . Exploration Rate (%) 39 | 8 70 13 43 98 4 Regions Visited 5 Branch Regions 3 Pre-discovered Areas 1 | . . 1 . . . Known Exits Taken . | . . . . . . Unknown Exits Taken 5 | 1 1 1 1 1 . Scrap Searched 4 | . . . 4 . . Spaces Dug 2 | . 2 . . . . Terrain Destroyed 206 | . 80 . 105 17 4 Melee 2 | . 2 . . . . Projectile 21 | . . . . 17 4 AOE 183 | . 78 . 105 . . Terrain Rammed . | . . . . . . Walls Destroyed . | . . . . . . Machines Disabled . | . . . . . . Actions | -11 -10 -10 -10 -7 -5 --------- Run | Yrd Mat Min Sub Rec Fac Total 3437 | 255 696 144 656 1248 438 Wait 69 | . 8 . . 27 34 Move 2976 | 192 603 124 582 1134 341 Hop . | . . . . . . Pick Up 71 | 11 27 7 10 7 9 Fast Attach 11 | 6 1 . 1 2 1 Attach 15 | 1 1 . 6 3 4 Detach 6 | . . . . 5 1 Swap 21 | 1 8 3 8 1 . Drop 49 | 2 12 7 14 14 . Fire 201 | 42 29 . 32 53 45 Melee 13 | . 7 3 3 . . Ram 3 | . . . . . 3 Kick . | . . . . . . Crush . | . . . . . . Escape Stasis . | . . . . . . Rewire 2 | . . . . 2 . Trap . | . . . . . . Miscellaneous . | . . . . . . Route ------- -11/Scrapyard -10/Materials (discovered 2 exits: [*Mat] / [*Min]) -10/Mines -10/Subcaves -7/Recycling -5/Factory History --------- Turn | Location | Event 11 | -11/Scrapyard | Discovered new exit (range 16) 271 | -11/Scrapyard | Entered Materials 303 | -10/Materials | Build established: Mutant 581 | -10/Materials | Discovered new exit (range 16) 672 | -10/Materials | Discovered new exit (range 10) 839 | -10/Materials | Destroyed 9 combat bots 1111 | -10/Materials | Entered Mines 1114 | -10/Mines | Joined a pair of Derelicts in attacking an 0b10 outpost 1128 | -10/Mines | Discovered new exit (range 11) 1212 | -10/Mines | Learned location of Storage (-7) 1304 | -10/Mines | Entered Subcaves 1342 | -10/Subcaves | Learned Materials stockpile data 1862 | -10/Subcaves | Visited 4L-MR0's lab 1944 | -10/Subcaves | Found Powered Cannon 2021 | -10/Subcaves | Shifting Twisted Machinery released Mak. Shrapnel Gun 2043 | -10/Subcaves | Shifting Twisted Machinery released Mak. Light Armor Plating 2043 | -10/Subcaves | Discovered new exit (range 13) 2094 | -10/Subcaves | Core integrity fell below 50% 2103 | -10/Subcaves | Lost 4 parts (1p1n1u1w) 2144 | -10/Subcaves | Entered Recycling 2144 | -7/Recycling | Found Scrap Engine 2289 | -7/Recycling | Attached Powered Cannon, gained temporary slot: Power 2818 | -7/Recycling | Discovered new exit (range 16) 2942 | -7/Recycling | Build established: Construct 3297 | -7/Recycling | Core integrity fell below 20% 3508 | -7/Recycling | Entered Factory 3508 | -5/Factory | Evolved 10 slots: Power x1, Propulsion x2, Utility x5, Weapon x2 3905 | -5/Factory | Lost 5 parts (1p3n1w) 4153 | -5/Factory | System corruption reached 10% 4212 | -5/Factory | Core integrity fell below 50% 4252 | -5/Factory | Lost 5 parts (1p1n2u1w) 4412 | -5/Factory | Cargo convoy interrupted 4563 | -5/Factory | Build established: Gunner 4680 | -5/Factory | Core integrity fell below 20% 4718 | -5/Factory | Destroyed by H-71 Marshal with Heavy Mass Driver Last Messages --------------- 04657_ System corrupted: Matter fused (-9). 04667_ Hovering Antigrav Exoskeleton destroyed. 04667_ Scrap Engine damaged due to network destabilization (-7). 04669_ Imp. Plasma Cutter destroyed. 04669_ Knocked back. 04676_ System corrupted: Energy discharge (-47). 04676_ Acquired 13 matter. 04677_ Penetrated by Slug. 04679_ Imp. Remote Datajack destroyed. 04681_ Knocked back. 04683_ Penetrated by Slug. 04683_ Hpw. EM Tesla Construct/G destroyed. 04683_ Scrap Engine damaged due to network destabilization (-8). 04688_ Fission-Ion Core destroyed. 04688_ Scrap Engine damaged due to network destabilization (-7). 04697_ Scrap Engine destroyed. 04709_ Penetrated by Slug. Map ----- +----------------------------------------------------+ | | | | | | | | | | | | | | | | | | | | | | | | | ?????????????????????????????????????? | | ?????????????????????????????????????? | | ?????????????##########??????????????? | | ?????????????# #??????????????? | | ?????????????# #??????????????? | | ?????????????# #??????????????? | | ?????????????# #??????????????? | | ?????????????# #??????????????? | | ?????????????# #??????????????? | | ?????????????# #??????????????? | | ?????????????# #??????????????? | | ?????######### #??????????????? | | ?????# ######+###""#########+#??? | | ?????# %;@%%%% % H ! | | ?????# """ ######%############## #??? | | ?????# """ #???## #?????????????????? | | ?????# """ #???## #?????????????????? | | ?????# #???##!#?????????????????? | | # ####+########!#?????????????????? | | # + ! ! %% #??#########??????? | | # #### ##########??# #??????? | | ????????# #???????????# #??????? | | ????????# #???????????# #??????? | | ????????# #???????????# #??????? | | ????????# #?########### #??????? | | ????????# #?# # ###??????? | | ????????# #?# # #????????? | | ######### #?# # #????????? | | # """" # #?# + #????????? | | # ""S"" # #?# """ """ # #????????? | | # "" "" # #?# """ """ #% ########## | | # # #?# """ """ # # # | | # # ### # # """ "" # | | # #%############# # """ F" # | | # # # """ " # | | # !# + "" # | | # %+| | " # """ # | | # """"!#%%""" """ """ T # """ # | +----------------------------------------------------+ Best States ------------- Heat Dissipation 40 Energy Generation 17 Energy Capacity 415 Matter Stores 300 Matter Capacity 300 Sight Range 16 Robot Scan Range 14 Terrain Scan Range 16 Terrain Scan Density 10 Armor Coverage 150 Evasion (%) 42 Recoil Reduction 1 Authchip Count 1 Item Schematics ----------------- None Robot Schematics ------------------ None Fabricated ------------ Nothing Alien Tech Used ----------------- None Achievements -------------- None Challenges ------------ None Game ------ Seed SurveybotWarpCompactor Manual? 0 Play Time 01:01:00 Cumulative 42.2 hours Start 2024.04.12 @ 11:45:27 End 2024.04.12 @ 14:37:49 Sessions 1 Manual Loads 0 Difficulty Rogue Special Mode None Game No. 45 Rogue 45 Adventurer 0 Explorer 0 Win Type - Total 0 Types 0/0/0/0/0/0/0/0/0 Lore% 17 Gallery% 34 Achievement% 26 Wizard Run 0 Options --------- Layout 1 ASCII 0 Keyboard 1 Movement Vi Keybinds 0 Fullscreen 1 Font 24/Smallcaps Map View 50x35 Zoom Use 0% Tactical HUD 1 Map Filters NONE Filters NONE Steam 1 RUN: aa1347d4-6bc0-4955-a296-c0edf694e9ea